 Dungeon Crawl Stone Soup version 0.19.0-19-g8c6edcc (webtiles) character file.

3749 McCoppin the Fighter (level 10, -1/74 HPs)
             Began as an Octopode Necromancer on Nov 14, 2016.
             Was a Follower of Kikubaaqudgha.
             Slain by Erica
             ... wielding a +4 scimitar of flaming
              (6 damage)
             ... on level 9 of the Dungeon.
             The game lasted 00:40:31 (10635 turns).

McCoppin the Fighter (Octopode Necromancer)        Turns: 10635, Time: 00:40:38

Health: -1/74      AC:  1    Str:  8    XL:     10   Next: 15%
Magic:  8/14       EV: 16    Int: 26    God:    Kikubaaqudgha [*.....]
Gold:   536        SH:  0    Dex: 15    Spells: 4 memorised, 6 levels left

rFire  . . .     SeeInvis .     R - +1 dagger (drain)
rCold  . . .     Gourm    .     (no shield)
rNeg   . . .     Faith    .     A - +0 hat
rPois  .         Spirit   .     r - amulet of magic regeneration
rElec  +         Reflect  .     m - ring of stealth
rCorr  .         Harm     .     p - ring of flight
MR     +....     Clarity  +     C - +3 ring of intelligence
Stlth  ++++++....               L - +3 ring of intelligence
                                (no ring)
                                (no ring)
                                (no ring)
                                (no ring)

@: flying, regenerating
A: almost no armour, stealthy swim, amphibious, 8 rings, constrict 8, camouflage
1, clarity, clever 1, low mp 1, magic resistance 1, electricity resistance,
gelatinous body 1
a: Receive Corpses, Renounce Religion


You were on level 9 of the Dungeon.
You worshipped Kikubaaqudgha.
Kikubaaqudgha was aware of your devotion.
You were very hungry.

You visited 2 branches of the dungeon, and saw 10 of its levels.
You also visited: Sewer.

You collected 536 gold pieces.

Inventory:

Hand Weapons
 h - a +0 short sword
 H - a +0 rapier
 R - a +1 dagger of draining (weapon)
Armour
 A - a +0 hat (worn)
Magical Staves
 M - an uncursed staff of wizardry
Jewellery
 m - a ring of stealth (left tentacle)
 p - a ring of flight (right tentacle)
 r - an amulet of magic regeneration (around mantle)
 C - a +3 ring of intelligence (on tentacle)
 K - an uncursed amulet of harm {unknown}
 L - a +3 ring of intelligence (on tentacle)
Wands
 s - a wand of polymorph (10/24)
 B - a wand of disintegration (15/24)
 J - a wand of lightning (5/15)
 Q - a wand of iceblast (6/15)
Scrolls
 c - 6 scrolls of identify
 e - 3 scrolls of teleportation {unknown}
 i - a scroll of enchant weapon
 j - a scroll of noise {unknown}
 k - 2 scrolls of recharging {unknown}
 n - 2 scrolls of remove curse {unknown}
 q - 2 scrolls of enchant armour
 u - a scroll of random uselessness {unknown}
 v - 2 scrolls of fog {unknown}
 y - a scroll of amnesia {unknown}
 G - a scroll of magic mapping {unknown}
 I - 2 scrolls of vulnerability {unknown}
 O - a scroll of torment {unknown}
Potions
 f - 2 potions of cancellation
 l - a potion of degeneration
 t - 2 potions of ambrosia {unknown}
 w - a potion of berserk rage
 x - a potion of agility
 z - 2 potions of lignification
 D - 3 potions of curing
 E - 3 potions of flight
 F - a potion of magic {unknown}
Books
 a - a book of Necromancy

   Spells                             Type                      Level
   a - Pain                           Necromancy                   1
   b - Animate Skeleton               Necromancy                   1
   c - Vampiric Draining              Necromancy                   3
   d - Regeneration                   Charms/Necromancy            3
   e - Animate Dead                   Necromancy                   4
   f - Control Undead                 Necromancy                   4
 N - Kikubaaqudgha's Volume of Darkness
   (Kikubaaqudgha gifted it to you on level 7 of the Dungeon)

   Spells                             Type                      Level
   a - Pain                           Necromancy                   1
   b - Corpse Rot                     Necromancy                   2
   c - Sublimation of Blood           Necromancy                   2
   d - Regeneration                   Charms/Necromancy            3
   e - Control Undead                 Necromancy                   4
 P - a book of Changes

   Spells                             Type                      Level
   a - Beastly Appendage              Transmutation                1
   b - Sticks to Snakes               Transmutation                2
   c - Spider Form                    Transmutation/Poison         3
   d - Ice Form                       Ice/Transmutation            4
   e - Blade Hands                    Transmutation                5
 S - a book of Battle

   Spells                             Type                      Level
   a - Infusion                       Charms                       1
   b - Shroud of Golubria             Charms/Translocation         2
   c - Song of Slaying                Charms                       2
   d - Spectral Weapon                Hexes/Charms                 3
   e - Regeneration                   Charms/Necromancy            3
Comestibles
 b - 6 bread rations
 d - 9 beef jerkies
 g - 7 fruits
 o - a meat ration


   Skills:
 + Level 9.1 Fighting
 - Level 3.1 Short Blades
 - Level 5.0 Dodging
 - Level 7.0 Stealth
 - Level 4.3 Spellcasting
 + Level 8.0 Necromancy


You had 6 spell levels left.
You knew the following spells:

 Your Spells              Type           Power        Failure   Level  Hunger
a - Pain                  Necr           ####         1%          1    None
b - Vampiric Draining     Necr           #####.....   1%          3    ##.....
c - Regeneration          Chrm/Necr      ####......   6%          3    ##.....
d - Animate Dead          Necr           N/A          3%          4    ####...


Dungeon Overview and Level Annotations

Branches:
Dungeon (9/15)             Temple (1/1) D:6
   Lair: D:8-11         Orc: D:9-12

Altars:
Ashenzari
Cheibriados
Dithmenos
Elyvilon
Fedhas
Gozag
Hepliaklqana
Kikubaaqudgha
Makhleb
Nemelex Xobeh
Okawaru
Qazlal
Ru
Sif Muna
Trog
Uskayaw
Vehumet
Xom
Yredelemnul
Zin
The Shining One

Shops:
D:5 :

Annotations:
D:4 vev's ghost, amateur DsFE
D:6 exclusion: statue
D:9 Erica


Innate Abilities, Weirdness & Mutations

You cannot wear most types of armour.
You are very stealthy in the water. (Stealth+)
You are amphibious.
You can wear up to eight rings at the same time.
You can use your tentacles to constrict eight enemies at once.
Your skin changes colour to match your surroundings (Stealth+).
Your rubbery body absorbs attacks. (AC +1, EV +1)
You possess an exceptional clarity of mind.
Your mind is acute. (Int +2)
Your magical capacity is low. (-10% MP)
You are resistant to hostile enchantments. (MR+)
You are resistant to electric shocks. (rElec)


Message History

You hit something. You squeeze something. You constrict something.
Casting: Animate Dead
Confirm with . or Enter, or press ? or * to list all spells.
You can't see any susceptible monsters within range! (Use Z to cast anyway.)
Okay, then.
Casting: Animate Dead
Confirm with . or Enter, or press ? or * to list all spells.
Your skin crawls.
You constrict something.
You hear some strange, mumbled words.
An orb of energy appears from out of thin air!
The orb of energy hits you!
* * * LOW HITPOINT WARNING * * *
The orb of energy explodes!
It was a potion of flight.
You feel very buoyant.
You fly up into the air.
You constrict something. Something hits you!
* * * LOW HITPOINT WARNING * * *
Something burns you.
You die...
Kikubaaqudgha rasps: "You have failed me!
Welcome... death!"

........##.(.# #......#
.........##)§÷# #......#
..........##..÷#
#......#
..........######
#......#
...........#######......
...................
...................
...................
.......{@...#####..
.......Z....# .
.<.....###..# .......
#..# ....... #..#
....... #..# ....... ..#
....... ..# ....... ..#


You could see a friendly ogre zombie.

Vanquished Creatures
  Pikel (D:5)
  Edmund (D:5)
  An ice beast (D:7)
  A phantom (D:8)
  A sky beast (D:8)
  A slave (D:5)
  A necrophage (D:5)
  4 ogres
  2 black bears (D:8)
  A hornet zombie (D:9)
  A centaur (D:8)
  A big kobold (Sewer)
  3 bullfrogs
  A scorpion (D:7)
  5 killer bees
  4 howler monkeys
  2 crimson imps
  2 jellies
  3 hounds
  5 orc priests
  8 orc wizards
  Terence (D:2)
  2 iguanas
  3 worker ants
  Natasha (thrice) (D:2 D:3)
  2 hound zombies
  2 hound skeletons
  4 gnolls
  8 adders
  2 river rats
  A shadow imp (D:5)
  4 oozes
  5 worms
  2 dart slugs
  7 leopard geckos
  37 orcs
  5 giant cockroaches
  7 hobgoblins
  19 jackals
  2 quokkas
  5 ball pythons
  6 bats
  4 frilled lizards
  2 gnoll zombies (D:4)
  11 goblins
  A jackal skeleton (D:5)
  10 kobolds
  A leopard gecko zombie (D:6)
  16 rats
221 creatures vanquished.

Vanquished Creatures (collateral kills)
  An orc warrior (D:8)
  An ice beast (D:6)
  A black bear (D:8)
  A bullfrog (D:6)
  2 orc wizards (D:8)
  2 orcs (D:8)
8 creatures vanquished.

Vanquished Creatures (others)
  A frilled lizard (D:2)
1 creature vanquished.

Grand Total: 230 creatures vanquished

Notes
Turn   | Place    | Note
-------+----------+-------------------------------------------
     0 | D:1      | McCoppin the Octopode Necromancer began the quest for the Orb.
     0 | D:1      | Reached XP level 1. HP: 11/11 MP: 3/3
   427 | D:1      | Reached XP level 2. HP: 2/17 MP: 0/5
  1175 | D:1      | Reached XP level 3. HP: 21/21 MP: 6/6
  1298 | D:1      | Reached skill level 5 in Stealth
  1625 | D:2      | Reached XP level 4. HP: 27/27 MP: 7/7
  1804 | D:2      | Reached skill level 1 in Short Blades
  1817 | D:2      | Noticed Terence
  1824 | D:2      | Killed Terence
  2020 | D:2      | Learned a level 3 spell: Vampiric Draining
  2024 | D:2      | Learned a level 3 spell: Regeneration
  2027 | D:2      | Noticed Natasha
  2042 | D:2      | Killed Natasha
  2042 | D:2      | Reached XP level 5. HP: 24/31 MP: 2/8
  2182 | D:2      | Noticed Natasha
  2186 | D:2      | Killed Natasha
  2591 | D:2      | Found a shimmering altar of Xom.
  3524 | D:3      | Noticed Natasha
  3560 | D:3      | Found a sacrificial altar of Ru.
  3578 | D:3      | Reached XP level 6. HP: 19/37 MP: 9/9
  3703 | D:3      | Killed Natasha
  3703 | D:3      | Reached skill level 1 in Fighting
  4175 | D:4      | Reached skill level 2 in Fighting
  4299 | D:4      | Reached XP level 7. HP: 45/45 MP: 10/10
  4376 | D:4      | Reached skill level 3 in Fighting
  4671 | D:4      | Noticed vev's ghost (amateur DsFE)
  4860 | D:4      | Found a basalt altar of Yredelemnul.
  5250 | D:5      | Entered Level 5 of the Dungeon
  5328 | D:5      | Found a deep blue altar of Sif Muna.
  5513 | D:5      | Found Cilul's Book Emporium.
  5561 | D:5      | Noticed a dagger
  5561 | D:5      | Noticed a hand axe
  5575 | D:5      | Found a hide-covered altar of Uskayaw.
  5661 | D:5      | Noticed Edmund
  5662 | D:5      | Found an iron altar of Okawaru.
  5666 | D:5      | Noticed Pikel
  5670 | D:5      | Killed Edmund
  5670 | D:5      | Reached skill level 4 in Fighting
  5753 | D:5      | Reached skill level 5 in Dodging
  5753 | D:5      | Reached XP level 8. HP: 45/53 MP: 11/11
  5852 | D:5      | Found a glowing drain.
  5861 | Sewer    | Entered a sewer
  6104 | Sewer    | Found a white marble altar of Elyvilon.
  6337 | D:5      | Reached skill level 5 in Fighting
  6393 | D:5      | Killed Pikel
  6393 | D:5      | Reached skill level 6 in Fighting
  6615 | D:6      | Found a radiant altar of Vehumet.
  6736 | D:6      | Found a staircase to the Ecumenical Temple.
  6744 | Temple   | Entered the Ecumenical Temple
  6779 | Temple   | Became a worshipper of Kikubaaqudgha
  6795 | D:6      | Learned a level 4 spell: Animate Dead
  6921 | D:6      | Reached XP level 9. HP: 52/62 MP: 15/15
  7086 | D:7      | Reached skill level 7 in Fighting
  7086 | D:7      | Reached skill level 5 in Necromancy
  7123 | D:7      | Found a blossoming altar of Fedhas.
  7123 | D:7      | Found a faded altar of an unknown god.
  7338 | D:7      | Found a burning altar of Makhleb.
  7770 | D:7      | Reached * piety under Kikubaaqudgha
  7770 | D:7      | Identified Kikubaaqudgha's Volume of Darkness (Kikubaaqudgha gifted it to you on level 7 of the Dungeon)
  7770 | D:7      | Received a gift from Kikubaaqudgha
  8111 | D:7      | Found a shadowy altar of Dithmenos.
  8181 | D:7      | Found a faded altar of an unknown god.
  8183 | D:7      | Found a faded altar of an unknown god.
  8184 | D:7      | Found a faded altar of an unknown god.
  8556 | D:8      | Reached skill level 8 in Fighting
  9626 | D:8      | Found a bloodstained altar of Trog.
  9721 | D:8      | Reached XP level 10. HP: 73/73 MP: 16/16
  9880 | D:8      | Gained mutation: You possess an exceptional clarity of mind. [mutagenic meat]
  9881 | D:8      | Gained mutation: Your mind is acute. (Int +2) [mutagenic meat]
  9882 | D:8      | Gained mutation: You are resistant to electric shocks. (rElec) [mutagenic meat]
  9883 | D:8      | Gained mutation: You are resistant to hostile enchantments. (MR+) [mutagenic meat]
  9884 | D:8      | Gained mutation: Your magical capacity is low. (-10% MP) [mutagenic meat]
 10025 | D:8      | Found a sparkling altar of Nemelex Xobeh.
 10050 | D:8      | Reached skill level 9 in Fighting
 10619 | D:9      | Noticed Erica
 10635 | D:9      | Slain by Erica

Skill      XL: |  1  2  3  4  5  6  7  8  9 10 |
---------------+-------------------------------+-----
Stealth        | 3 4 5 6 7 |  7.0
Short Blades   | 1 3 |  3.1
Fighting       | 2 4 6 8 9 |  9.1
Dodging        | 3 5 |  5.0
Spellcasting   | 4 |  4.3
Necromancy     | 7 8 |  8.0

Action                   |  1- 3 |  4- 6 |  7- 9 | 10-12 || total
-------------------------+-------+-------+-------+-------++-------
Melee: Unarmed           |    56 |     7 |       |       ||    63
       Constrict         |    15 |    33 |    66 |     5 ||   119
       Tentacles         |    10 |    30 |    67 |    12 ||   119
       Short sword       |    24 |   145 |   328 |       ||   497
       Dagger            |       |       |    49 |    49 ||    98
 Cast: Pain              |    22 |     5 |       |       ||    27
       Vampiric Draining |       |    10 |    26 |       ||    36
       Regeneration      |       |     3 |     6 |     1 ||    10
       Animate Dead      |       |       |     4 |     1 ||     5
Invok: Receive Corpses   |       |       |     1 |     1 ||     2
  Use: Scroll            |       |     4 |     2 |       ||     6
       Potion            |       |       |     2 |     1 ||     3
 Stab: Sleeping          |    11 |    10 |    29 |     3 ||    53
       Invisible         |       |     1 |       |       ||     1
       Distracted        |       |     1 |       |       ||     1
  Eat: Chunk             |     3 |    10 |    12 |     7 ||    32
       Meat ration       |       |       |     1 |       ||     1
       Bread ration      |       |       |     1 |       ||     1
Armor: Skin              |    14 |     8 |    15 |     1 ||    38
Dodge: Dodged            |    60 |    92 |   311 |    17 ||   480
